 Dungeon Crawl Stone Soup version 0.9-a1-344-g2149496 character file.

618 vogonpoet the Summoner (level 6, -4/30 HPs)
             Began as a Kenku Summoner on June 2, 2011.
             Killed by divine providence
             ... invoked by an orc priest
              (13 damage)
             ... on Level 4 of the Dungeon on June 3, 2011.
             The game lasted 00:36:25 (4414 turns).

vogonpoet the Summoner (Kenku Summoner)             Turns: 4414, Time: 00:36:25

HP  -4/30        AC  4     Str  7 (8) Exp: 6/431 (0), need: 244
MP   3/11        EV 12     Int 17      God:
Gold 317         SH  0     Dex 15      Spells:  3 memorised,  2 levels left

Res.Fire  : . . .   See Invis. : .   w - -1,+3 orc dagger (venom) (curse)
Res.Cold  : . . .   Warding    : . . m - +1 robe
Life Prot.: . . .   Conserve   : .   (no shield)
Res.Acid. : . . .   Res.Corr.  : .   (helmet restricted)
Res.Poison: .       Clarity    : .   i - +0 dwarf cloak
Res.Elec. : .       Spirit.Shd : .   (no gloves)
Sust.Abil.: . .     Stasis     : .   (boots unavailable)
Res.Mut.  : .       Ctrl.Telep.: .   (no amulet)
Res.Rott. : .       Levitation : .   (no ring)
Saprovore : . . .   Ctrl.Flight: +   (no ring)

@: burdened, slow, slightly resistant to hostile enchantments, unstealthy
A: able to fly, beak, talons 3, -20% hp
a: Fly


You were on level 4 of the Dungeon.
You were encumbered.
You were very hungry.

You visited 1 branch of the dungeon, and saw 4 of its levels.
You visited 1 portal chamber: ossuary.

You collected 297 gold pieces.

Inventory:

Hand weapons
 k - a +0,+1 dagger of draining
 o - a -1,+0 orcish dagger
 w - a cursed -1,+3 orcish dagger of venom (weapon)
 C - a cursed -1,-1 elven whip
 K - a +2,+0 elven dagger
 M - a +2,+1 sling
 O - a +0,+0 elven dagger
 Q - a +0,+2 sling of frost
Missiles
 g - 34 +0 darts (quivered)
 n - 53 +0 sling bullets
 N - 20 poisoned +0 needles
Armour
 i - a +0 dwarven cloak (worn)
 m - a +1 robe (worn)
 A - a +2 robe
 S - a +0 pair of gauntlets
Comestibles
 c - 2 bread rations
 d - a meat ration
 v - a rotting chunk of quokka flesh
 V - an apple
Scrolls
 f - a scroll of fog {unknown}
 h - a scroll of enchant weapon I {unknown}
 j - 5 scrolls of identify {unknown}
 s - a scroll of fear {unknown}
 t - 2 scrolls of curse jewellery {unknown}
 x - 2 scrolls of curse armour {unknown}
 y - 2 scrolls of random uselessness {unknown}
 D - 5 scrolls of remove curse {unknown}
 H - a scroll of enchant armour {unknown}
 J - a scroll of blinking {unknown}
 R - a scroll of magic mapping {unknown}
 U - 2 scrolls of detect curse {unknown}
Jewellery
 p - a +1 ring of protection {unknown}
 q - an uncursed ring of fire {unknown}
 r - a cursed ring of teleportation {unknown}
Potions
 a - a potion of brilliance {unknown}
 e - 4 potions of healing
 l - 6 potions of speed {unknown}
 u - 2 potions of might {unknown}
 z - 2 potions of restore abilities {unknown}
 B - 4 potions of heal wounds {unknown}
 E - a potion of magic {unknown}
 F - a potion of levitation {unknown}
 G - 2 potions of paralysis {unknown}
 I - a potion of berserk rage {unknown}
 L - a potion of degeneration {unknown}
 P - a potion of resistance {unknown}
 T - a potion of agility {unknown}
Books
 b - a book of Callings

   Spells                             Type                      Level
   *Summon Small Mammals              Summoning                    1
   *Call Imp                          Summoning                    2
   Call Canine Familiar               Summoning                    3
   *Summon Scorpions                  Summoning/Poison             4
   Summon Ice Beast                   Ice/Summoning                5
   You had 0 experience left.


   Skills:
 + Level 2 Short Blades
 - Level 1 Throwing
 - Level 2 Dodging
 - Level 3 Stealth
 + Level 1 Unarmed Combat
 + Level 2 Spellcasting
 + Level 8 Summonings


You had 2 spell levels left.
You knew the following spells:

 Your Spells              Type           Power        Success   Level  Hunger
a - Summon Small Mammals  Summ           #####        Excellent   1    Strawberry
b - Call Imp              Summ           #####.....   Excellent   2    Choko
c - Summon Scorpions      Pois/Summ      ####......   Fair        4    Honeycomb

Dungeon Overview and Level Annotations

Branches:
Dungeon (4/27)
 Temple: D:4-7

Altars:
Trog


Innate Abilities, Weirdness & Mutations

You can fly.
You have a beak for a mouth.
You have claws for feet.
You are very frail (-20% HP).


Message History

One of your 6 scrolls labeled QUONOF OTHRODGH catches fire!
Ouch! That really hurt!
You barely miss it. You claw it.
Your shadow imp hits the orc.
It hits you. The orc closely misses your shadow imp.
The orc barely misses your shadow imp.
The orc priest hits your shadow imp with an orcish mace.
Casting: Call Imp
Confirm with . or Enter, or press ? or * to list all spells.
A beastly little devil appears in a puff of frigid air.
Your shadow imp hits the orc.
It hits you.
* * * LOW HITPOINT WARNING * * *
The orc priest prays to Beogh.
You feel a wave of unholy energy pass over you.
Your shadow imp closely misses the orc.
Your shadow imp completely misses the orc.
It hits your scorpion but does no damage.
The orc priest hits your shadow imp with an orcish mace.
Your scorpion returns to your side!
The orc priest calls down the wrath of Beogh upon you.
Something smites you!
You die...

#.## #.. #..# #..
##.# ### #.#
###### #.# #.....
####.########.....
#..........##.....
#.5........#%....(
#@s.o.............
#s...5.....##)....
#####o#######.....
#.# ##.... #.#
#.... .o# #....
.## #.... #.
##.... ..
######.....


You could see an orc priest, an orc, friendly 2 scorpions, a friendly white imp
and a friendly shadow imp.

Vanquished Creatures
  A hound (D:4)
  A worker ant (D:4)
  A mummy (Port)
  A worm (D:3)
  An ooze (D:4)
  An orc (D:3)
  2 giant cockroaches
  A hobgoblin (D:3)
  3 kobolds
  A quokka (D:4)
  4 bats
  5 goblins
  2 hobgoblin zombies (Port)
  A kobold zombie (Port)
  An orc skeleton (D:4)
  An orc zombie (Port)
  8 rats
  2 toadstools
37 creatures vanquished.

Vanquished Creatures (collateral kills)
  Blork the orc (D:4)
  A big kobold zombie (Port)
  An orc priest (D:3)
  Ijyb (D:4)
  Jessica (D:3)
  9 mummies (Port)
  2 snakes
  5 worms
  6 orcs (D:3)
  5 bats
  A giant cockroach (D:3)
  6 goblins
  2 hobgoblins (D:2)
  7 jackals
  2 quokkas
  3 giant geckos
  2 giant newts (D:1)
  6 kobolds
  3 orc zombies (Port)
  3 rats
67 creatures vanquished.

Vanquished Creatures (others)
  11 imps
  A worm zombie (D:3)
  An orc zombie (D:4)
  7 white imps
  3 shadow imps
  7 grey rats
  A hobgoblin (D:1)
  A quokka (D:4)
  7 bats
  A kobold (D:1)
  A kobold zombie (D:4)
  5 rats
  A toadstool (D:1)
47 creatures vanquished.

Grand Total: 151 creatures vanquished

Notes
Turn   | Place    | Note
--------------------------------------------------------------
     0 | D:1      | vogonpoet, the Kenku Summoner, began the quest for the Orb.
     0 | D:1      | Reached XP level 1. HP: 8/8 MP: 3/3
   973 | D:1      | Reached XP level 2. HP: 8/12 MP: 1/4
   994 | D:1      | Learned a level 2 spell: Call Imp
  1813 | D:2      | Reached XP level 3. HP: 12/16 MP: 4/5
  2026 | D:3      | Noticed Jessica
  2041 | D:3      | Defeated Jessica
  2163 | D:3      | Found a bloodstained altar of Trog.
  2165 | D:3      | Reached skill level 6 in Summonings
  2539 | D:3      | Reached XP level 4. HP: 15/21 MP: 5/7
  2728 | D:3      | Reached skill level 7 in Summonings
  3023 | D:3      | Learned a level 4 spell: Summon Scorpions
  3322 | D:4      | Noticed Ijyb
  3333 | D:4      | Defeated Ijyb
  3333 | D:4      | Reached XP level 5. HP: 20/25 MP: 9/9
  3342 | D:4      | Noticed Blork the orc
  3358 | D:4      | Defeated Blork the orc
  3405 | D:4      | Found a sand-covered staircase. 3423
                  | ossuary
                  | Entered a tomb 3466
                  | ossuary
                  | Reached skill level 1 in Unarmed Combat 3468
                  | ossuary
                  | Reached skill level 1 in Short Blades 3468
                  | ossuary
                  | HP: 1/25 [mummy (10)] 3606
                  | ossuary
                  | Reached skill level 8 in Summonings 3669
                  | ossuary
                  | Reached skill level 1 in Throwing 3713
                  | ossuary
                  | Reached XP level 6. HP: 27/30 MP: 0/11
  4056 | D:4      | Your ally Blork died
  4414 | D:4      | Killed from afar by an orc priest
